AoeStats
← dthomas1

Arena

503925738Analyzed
2v2 RM · 1mo ago on Sep 3, 2026· 36m 9s· 4 players
Game mode
Random Map
Map size
Medium (4 player)
Population
200
Speed
Normal
Resources
Standard
Victory
Conquest
Starting age
Dark Age
Ending age
Imperial Age
RankedLock teamsTeams togetherTeam positionsShared explorationLock speedFull tech treeHidden civsTurbo modeCheats
Victory
Defeat
🇩🇪 Saracens · Germany
1511
+13
🇺🇸 Japanese · United States
1511
+13
🇺🇸 Italians · United States
1457
-13
🇺🇸 Georgians · United States
1451
-13
SievZ
13:14 Feudal Age
17:06 Castle Age
14:59 Horse Collar
15:04 Double-Bit Axe
18:23 Bow Saw
21:29 Imperial Age
20:30 Gold Mining
22:21 Fletching
24:25 Conscription
24:43 Bodkin Arrow
26:08 Padded Archer Armor
27:07 Ballistics
30:42 Chemistry
35:40 Leather Archer Armor
dthomas1
11:54 Feudal Age
10:13 Loom
16:18 Castle Age
14:34 Double-Bit Axe
14:53 Horse Collar
17:09 Bow Saw
19:15 Scale Barding Armor
21:43 Fletching
22:16 Guard Tower
22:58 Bodkin Arrow
23:23 Svan Towers
27:50 Chain Barding Armor
BDD || Q
9:42 Feudal Age
13:21 Castle Age
11:37 Horse Collar
11:46 Double-Bit Axe
12:11 Horse Collar
21:55 Wheelbarrow
24:07 Loom
27:06 Imperial Age
24:43 Fletching
24:34 Pikeman
25:55 Bow Saw
27:03 Hand Cart
26:56 Heavy Plow
28:11 Scale Mail Armor
28:21 Forging
28:00 Halberdier
29:35 Squires
29:48 Gold Mining
29:50 Stone Mining
31:09 Town Watch
33:38 Chain Mail Armor
35:16 Parthian Tactics
34:55 Padded Archer Armor
34:34 Crossbowman
36:17 Gold Shaft Mining
36:22 Coinage
36:45 Conscription
36:47 Kataparuto
36:53 Kataparuto
BDD || J
10:10 Feudal Age
14:15 Castle Age
12:17 Horse Collar
13:13 Double-Bit Axe
15:16 Bow Saw
21:41 Wheelbarrow
22:50 Hand Cart
23:53 Loom
23:36 Elite Skirmisher
24:21 Thumb Ring
24:08 Fletching
24:18 Padded Archer Armor
24:35 Gold Mining
25:14 Bodkin Arrow
27:23 Crossbowman
30:38 Imperial Age
29:42 Ballistics
31:50 Bracer
31:49 Light Cavalry
32:30 Husbandry
34:23 Bloodlines
35:33 Leather Archer Armor
Connection lost

Rejoining the realm…

Still unreachable

The connection could not be restored.

Session expired

The server has moved on; the page needs a fresh start.